 Dungeon Crawl Stone Soup version 0.29.1-1-gd02db6906a (webtiles) character file.

Game seed: 15086234608020175946

36 jimonade the Shield-Bearer (level 3, -3/29 HPs)
             Began as a Formicid Fighter on Sept 17, 2022.
             Slain by a gnoll
             ... wielding a +0 whip
             ... led by a gnoll bouda
              (4 damage)
             ... on level 2 of the Dungeon.
             The game lasted 00:01:29 (1033 turns).

jimonade the Shield-Bearer (Formicid Fighter)       Turns: 1033, Time: 00:01:30

Health: -3/29      AC:  6    Str: 20    XL:     3   Next: 57%
Magic:  3/3        EV:  9    Int:  7    God:
Gold:   110        SH:  5    Dex: 15    Spells: 2/2 levels left

rFire   . . .      SeeInvis +   a - +0 long sword
rCold   . . .      Faith    .   c - +0 buckler
rNeg    . . .      Spirit   .   b - +0 scale mail
rPois   .          Reflect  .   (helmet unavailable)
rElec   .          Harm     .   (no cloak)
rCorr   .          Rampage  .   (no gloves)
Will    .....                   (no boots)
Stlth   ..........              (no amulet)
HPRegen 0.09/turn               (no ring)
MPRegen 0.08/turn               (no ring)

@: no status effects
A: permanent stasis, dig shafts and tunnels, antennae 3, four strong arms
a: Dig, Shaft Self


You were on level 2 of the Dungeon.
You visited 1 branch of the dungeon, and saw 2 of its levels.

You collected 110 gold pieces.

Inventory:

Hand Weapons
 a - a +0 long sword (weapon)
Armour
 b - a +0 scale mail (worn)
 c - a +0 buckler (worn)
Scrolls
 e - a scroll of identify {unknown}
 f - a scroll of magic mapping {unknown}
 j - 2 scrolls of fear {unknown}
 k - 2 scrolls of blinking {unknown}
Potions
 d - a potion of might
 g - a potion of flight {unknown}
 h - a potion of lignification {unknown}
 i - a potion of heal wounds {unknown}


   Skills:
 - Level 3.2 Fighting
 + Level 2.9(3.2) Short Blades
 - Level 2.0(2.7) Long Blades
 - Level 3.2 Armour
 - Level 4.0 Shields


You had 2 spell levels left.
You didn't know any spells.
Your spell library was empty.

Dungeon Overview and Level Annotations

Branches:
Dungeon (2/15)

Altars:


Innate Abilities, Weirdness & Mutations

You cannot be hasted, slowed, berserked, paralysed or teleported.
You can dig through walls and to a lower floor.
You have a pair of large antennae on your head. (SInv)
Your four strong arms can wield two-handed weapons with a shield.


Message History

The gnoll is heavily wounded.
The gnoll hits you with a +0 whip.
You hit the gnoll.
The gnoll is heavily wounded.
The gnoll hits you but does no damage.
You closely miss the gnoll.
The gnoll is heavily wounded.
The gnoll barely misses you. You block the gnoll's attack.
You closely miss the gnoll.
The gnoll is heavily wounded.
The gnoll barely misses you.
You hit the gnoll.
The gnoll is severely wounded.
You block the gnoll's attack.
You hit the gnoll.
The gnoll is severely wounded.
The gnoll hits you but does no damage. The gnoll hits you with a +0 whip.
You hit the gnoll but do no damage.
The gnoll is severely wounded.
The gnoll hits you with a +0 whip.
* * * LOW HITPOINT WARNING * * *
You slash the gnoll!
You kill the gnoll!
You barely miss the gnoll. The gnoll barely misses you.
The gnoll hits you with a +0 whip.
* * * LOW HITPOINT WARNING * * *
You slash the gnoll!
The gnoll is severely wounded.
The gnoll hits you with a +0 whip.
* * * LOW HITPOINT WARNING * * *
You barely miss the gnoll.
The gnoll is severely wounded.
The gnoll misses you.
You barely miss the gnoll.
The gnoll is severely wounded.
The gnoll hits you but does no damage.
You completely miss the gnoll.
The gnoll is severely wounded.
The gnoll closely misses you. The gnoll hits you with a +0 whip.
You die...

####.# # #.......# #
#.##.##.# # #.##.##.# #
#.##.##.# ########
#@##.##.# #....... ##
#g##.##.# #....... ...
#....(..###.......
#####..###......##.######
...........###.##.#
.....##...###.##.# ##
#.#.......#...[..# #.#
#.....#.#...#.##.#
#.###.#.#.....#.#.##.#


You could see a gnoll.

Vanquished Creatures
  2 gnolls
  A ball python (D:1)
  A bat (D:1)
  2 endoplasms
  2 hobgoblins (D:1)
  2 kobolds (D:2)
  A quokka (D:1)
  2 frilled lizards
  2 rats
15 creatures vanquished.

Vanquished Creatures (others)
  10 toadstools (D:2)
10 creatures vanquished.

Grand Total: 25 creatures vanquished

Notes
Turn   | Place    | Note
-------+----------+-------------------------------------------
     0 | D:1      | jimonade the Formicid Fighter began the quest for the Orb.
     0 | D:1      | Reached XP level 1. HP: 18/18 MP: 1/1
   123 | D:1      | Reached skill level 1 in Short Blades
   228 | D:1      | Reached XP level 2. HP: 23/24 MP: 2/2
   234 | D:1      | Found a faded altar of an unknown god.
   799 | D:1      | Reached XP level 3. HP: 18/29 MP: 3/3
  1030 | D:2      | HP: 1/29 [gnoll/+0 whip[a gnoll bouda] (2)]
  1033 | D:2      | Slain by a gnoll

Illustrated notes

Levels and vault maps discovered:
D:1:      dpeg_arrival_solitude, layout_basic, shapermc_ecumenical_altar_venn,
          wander_ebering_terrifying_dragon_lair
D:2:      cheibrodos_fertilizer, layout_loops_cross, serial_co_window_serial,
          co_window_paths_b, co_window_paths_b, co_window_paths_b,
          co_window_paths_b, co_window_paths_a, co_window_cross_1,
          co_window_broadway_a, co_window_of_opportunity_b, co_window_paths_c,
          co_window_paths_e, co_window_sun, glass_columns_a, glass_columns_a,
          glass_columns_a

Skill      XL: |  1  2 |
---------------+-------+-----
Short Blades   | 1 2 |  2.9
Fighting       | |  3.2
Long Blades    | |  2.0
Armour         | |  3.2
Shields        | |  4.0

Action                   || total
-------------------------++-------
Melee: Long sword        ||    65
Armor: Scale mail        ||    15
Dodge: Dodged            ||    31
Block: Buckler           ||    13
